AoeStats
← Chico_zaldivar

Arabia

510869025Analyzed
2v2 RM · 15h ago on Oct 2, 2026· 16m 16s· 4 players
Game mode
Random Map
Map size
Medium (4 player)
Population
200
Speed
Normal
Resources
Standard
Victory
Conquest
Starting age
Dark Age
Ending age
Imperial Age
RankedLock teamsTeams togetherTeam positionsShared explorationLock speedFull tech treeHidden civsTurbo modeCheats
Victory
Defeat
🇪🇸 Celts · Spain
1017
+15
🇪🇸 Romans · Spain
1006
+16
🇨🇱 Vietnamese · Chile
1056
-17
🇨🇱 Slavs · Chile
953
-27
Chico_zaldivar
0:58 Loom
11:39 Feudal Age
Coronel Duyu
6:26 Loom
10:56 Feudal Age
Vallejo
5:04 Loom
12:54 Feudal Age
12:59 Man-at-Arms
14:30 Scale Mail Armor
16:21 Forging
Uri Chill
2:57 Loom
18:22 Feudal Age
Connection lost

Rejoining the realm…

Still unreachable

The connection could not be restored.

Session expired

The server has moved on; the page needs a fresh start.